 Dungeon Crawl Stone Soup version 0.31.0-1-g2c135a0 (webtiles) character file.

Game seed: 11319281150067665766

137 mezmerelda the Chopper (level 5, -1/48 HPs)
             Began as a Hill Orc Fighter on Jan 25, 2024.
             Slain by an orc wizard
             ... wielding a +2 dagger of venom
              (4 damage)
             ... on level 4 of the Dungeon.
             The game lasted 00:03:54 (995 turns).

mezmerelda the Chopper (Hill Orc Fighter)            Turns: 995, Time: 00:03:54

Health: -1/48      AC:  6    Str: 21    XL:     5   Next: 20%
Magic:  5/5        EV:  9    Int: 14    God:
Gold:   77         SH:  4    Dex: 10    Spells: 4/4 levels left

rFire   . . .        a - +0 war axe
rCold   . . .        c - +0 buckler
rNeg    . . .        b - +0 scale mail
rPois   .            (no helmet)
rElec   .            (no cloak)
rCorr   .            (no gloves)
SInv    .            (no boots)
Will    .....        (no amulet) Stlth
                     h - +6 ring of intelligence
HPRegen 0.28/turn    (no ring)
MPRegen 0.09/turn

%: no passive effects
@: lethally poisoned (-1 -> -21)
A: no striking features
a: no special abilities


You were on level 4 of the Dungeon.
You visited 1 branch of the dungeon, and saw 4 of its levels.

You collected 77 gold pieces.

Inventory:

Hand Weapons
 a - a +0 war axe (weapon)
Armour
 b - a +0 scale mail (worn)
 c - a +0 buckler (worn)
Jewellery
 h - a +6 ring of intelligence (left hand)
Scrolls
 e - a scroll of silence {unknown}
 g - a scroll of amnesia {unknown}
 i - a scroll of fog {unknown}
 j - a scroll of identify {unknown}
 o - a scroll of fear {unknown}
Potions
 d - a potion of might
 f - a potion of brilliance {unknown}
 k - a potion of cancellation {unknown}
 l - a potion of enlightenment {unknown}
 m - a potion of haste {unknown}
 n - a potion of heal wounds {unknown}


   Skills:
 - Level 5.0 Fighting
 + Level 5.8 Axes
 - Level 3.2 Armour
 - Level 3.2 Shields


You had 4 spell levels left.
You didn't know any spells.
Your spell library contained the following spells:

 Spells                   Type           Power      Damage    Failure   Level
 Blink                    Tloc           0%         N/A       82%         2
 Lesser Beckoning         Tloc           0%         N/A       82%         2
 Momentum Strike          Conj/Tloc      0%         3d8       82%         2


Dungeon Overview and Level Annotations

Branches:
Dungeon (4/15)
 Temple: D:4-7

Altars:
Hepliaklqana
The Shining One

Annotations:
D:4 Menkaure


Message History

The orc wizard flickers and vanishes!
Deactivating autopickup; reactivate with Ctrl-A.
You hear the slow rusting of a distant drain.
You feel sick.
You hear some strange, mumbled words.
You are confused.
You feel sick.
A magic dart appears from out of thin air!
The magic dart hits you. The orc hits you but does no damage.
You feel sick.
You feel sick.
You are no longer poisoned.
You hear some strange, mumbled words.
A puff of flame appears from out of thin air!
The puff of flame hits you but does no damage.
The orc closely misses you. The orc hits you with a +0 flail.
Something hits you.
You are poisoned.
The orc hits you with a +0 club. The orc barely misses you.
Menkaure casts a spell.
Menkaure seems to speed up.
You miss something. You barely miss the orc. You hit the orc.
You feel less confused.
You feel very sick. Something hits you but does no damage.
You are more poisoned.
You block the orc's attack. x2; Something hits you.
You are more poisoned.
The orc hits you with a +0 club.
* * * LOW HITPOINT WARNING * * *
* * * LOW HITPOINT WARNING * * *
You feel very sick. The orc hits you with a +0 flail.
* * * LOW HITPOINT WARNING * * *
Menkaure calls on the powers of darkness!
Something is bathed in an unholy light!
The orc convulses!
Your body is wracked with pain!
* * * LOW HITPOINT WARNING * * *
Something hits you.
You die...

#+#...#'#.#...........
###.......#####.......##
#...........# #+#...#+#.
##.........## #####...
+.........+ ....#.....
##.......## (...#.....
#.......# .....#.....
####'#### .....+.....
#....@..# !.....#.....
##....oo.##......#.....
+......M..'......#.....
#.........##...#####...
#...........# #+#...#+#.
###.......#####.......##
#+#...#+# #...........
##### #.........# #.
+.........'


You could see Menkaure (fast) and 2 orcs.

Vanquished Creatures
  A hound (D:4)
  An iguana (D:4)
  Robin (D:3)
  4 adders
  A dart slug (D:4)
  2 ribbon worms (D:3)
  An orc (D:4)
  2 ball pythons (D:1)
  A giant cockroach (D:2)
  10 goblins
  2 hobgoblins (D:3)
  A frilled lizard (D:3)
  4 rats
31 creatures vanquished.

Notes
Turn   | Place    | Note
-------+----------+-------------------------------------------
     0 | D:1      | mezmerelda the Hill Orc Fighter began the quest for the
                  | Orb.
     0 | D:1      | Reached XP level 1. HP: 19/19 MP: 1/1
   257 | D:2      | Reached XP level 2. HP: 15/27 MP: 2/2
   409 | D:2      | Found a glowing golden altar of the Shining One.
   427 | D:2      | Reached XP level 3. HP: 26/34 MP: 3/3
   578 | D:3      | Found a hazy altar of Hepliaklqana.
   682 | D:3      | Noticed Robin
   687 | D:3      | Killed Robin
   790 | D:3      | Reached XP level 4. HP: 41/41 MP: 4/4
   812 | D:4      | Reached skill level 5 in Fighting
   819 | D:4      | Reached skill level 5 in Axes
   819 | D:4      | Reached XP level 5. HP: 37/48 MP: 5/5
   985 | D:4      | Noticed Menkaure
   995 | D:4      | Slain by an orc wizard

Illustrated notes

Levels and vault maps discovered:
D:1:      dpeg_arrival_tiny_b, layout_loops_ring, minmay_box_of_dots
D:2:      layout_basic, basic_altar, uniq_crazy_yiuf_cottage
D:3:      layout_loops_cross, nicolae_hepliaklqana_hazy_memory, uniq_natasha,
          uniq_robin
D:4:      nicolae_cairo_tiling_very_big, layout_rooms, fiery_altar_vehumet,
          kennysheep_mini_moat, mainiacjoe_sewer_entry_somewhere_in_here_2,
          uniq_pikel, uniq_menkaure

Skill      XL: |  1  2  3  4 |
---------------+-------------+-----
Axes           | 3 4 5 |  5.8
Fighting       | 4 5 |  5.0
Armour         | |  3.2
Shields        | |  3.2

Action                     |  1- 3 |  4- 6 || total
---------------------------+-------+-------++-------
  Melee: War axe           |    71 |    33 ||   104
 Armour: Scale mail        |    52 |    33 ||    85
  Dodge: Dodged            |    26 |    25 ||    51
  Block: Buckler           |    14 |    12 ||    26
